 Dungeon Crawl Stone Soup version 0.19.0-9-gfd783f2 (webtiles) character file.

1718 Jerry the Protected (level 9, -14/64 HPs)
             Began as a Formicid Fighter on Nov 7, 2016.
             Demolished by Drunkenshrew's ghost (17 damage)
             ... on level 6 of the Dungeon.
             The game lasted 00:21:57 (4727 turns).

Jerry the Protected (Formicid Fighter)              Turns: 4727, Time: 00:21:58

Health: -14/64     AC: 10    Str: 24 (26) XL:     9   Next: 24%
Magic:  9/9        EV: 10    Int: 11 (12) God:
Gold:   202        SH:  0    Dex: 12 (13) Spells: 0 memorised, 8 levels left

rFire  + . .     SeeInvis +     F - +1 short sword (elec)
rCold  . . .     Gourm    .     w - +1 scale mail {rF+}
rNeg   + . .     Faith    .     (no shield)
rPois  .         Spirit   .     (helmet unavailable)
rElec  .         Reflect  .     (no cloak)
rCorr  .         Harm     .     p - +0 pair of gloves
MR     .....                    (no boots)
Stlth  ..........               (no amulet)
                                B - ring of positive energy
                                r - +4 ring of strength

@: brilliant
A: permanent stasis, dig shafts and tunnels, four strong arms, antennae 3
a: Dig, Shaft Self


You were on level 6 of the Dungeon.
You were very hungry.

You visited 1 branch of the dungeon, and saw 6 of its levels.

You collected 202 gold pieces.

Inventory:

Hand Weapons
 a - a +0 long sword
 d - a +0 blowgun
 F - a +1 short sword of electrocution (weapon)
Missiles
 H - 17 poisoned needles
Armour
 c - a +0 shield
 p - a +0 pair of gloves (worn)
 w - a +1 scale mail of fire resistance (worn)
Jewellery
 r - a +4 ring of strength (left hand)
 B - a ring of positive energy (right hand)
Wands
 D - a wand of confusion (24/48)
Scrolls
 h - a scroll of identify {unknown}
 l - 2 scrolls of amnesia
 o - 2 scrolls of remove curse
 q - a scroll of recharging {unknown}
 s - a scroll of blinking {unknown}
 u - a scroll of immolation {unknown}
 x - a scroll of acquirement {unknown}
 y - a scroll of enchant weapon {unknown}
 z - a scroll of magic mapping {unknown}
 E - 2 scrolls of teleportation {unknown}
 I - a scroll of summoning {unknown}
Potions
 i - 9 potions of curing {unknown}
 k - a potion of flight
 t - a potion of cancellation
Books
 G - a book of Maledictions

   Spells                             Type                      Level
   a - Corona                         Hexes                        1
   b - Ensorcelled Hibernation        Hexes/Ice                    2
   c - Confuse                        Hexes                        3
   d - Tukima's Dance                 Hexes                        3
   e - Dazzling Spray                 Conjuration/Hexes            3
Comestibles
 f - 6 bread rations
 m - 2 meat rations
 n - 4 beef jerkies
 C - a fruit


   Skills:
 - Level 3.2 Fighting
 + Level 7.7 Long Blades
 + Level 9.0 Armour
 + Level 5.4 Shields


You had 8 spell levels left.
You didn't know any spells.

Dungeon Overview and Level Annotations

Branches:
Dungeon (7/15)
 Temple: D:4-7

Altars:
Elyvilon
Gozag
Trog
Vehumet
Xom

Annotations:
D:6 Drunkenshrew's ghost, novice DrBe; Grinder


Innate Abilities, Weirdness & Mutations

You are under a permanent stasis effect.
You can dig through walls and to a lower floor.
Your four strong arms can wield two-handed weapons with a shield.
You have a pair of large antennae on your head. (SInv)


Message History

You hit Drunkenshrew's ghost but do no damage.
Drunkenshrew's ghost is lightly damaged.
Drunkenshrew's ghost breathes negative energy at you.
The bolt of negative energy hits you! You resist.
You closely miss Drunkenshrew's ghost.
Drunkenshrew's ghost is lightly damaged.
You feel less woody.
Your +0 pair of gloves unmelds from your body.
Your +1 scale mail of fire resistance unmelds from your body.
You feel resistant to fire. Drunkenshrew's ghost barely misses you.
You completely miss Drunkenshrew's ghost.
Drunkenshrew's ghost is lightly damaged.
You barely miss Drunkenshrew's ghost.
Drunkenshrew's ghost is lightly damaged.
Drunkenshrew's ghost hits you!
* * * LOW HITPOINT WARNING * * *
You barely miss Drunkenshrew's ghost.
Drunkenshrew's ghost is lightly damaged.
Drunkenshrew's ghost hits you!
You die...

###.#.#.#.#......##
#..#######.......##
#.................#
#.##.###..........#
#..............(..#
########..........#
#..........#
###########........######
#.......@W.........).....
#.########..........#####
### ####..........###..
#.................#
##.##.........W#####
#...#..........#
##..##........##
##..###......##
#.))..###..###


You could see Drunkenshrew's ghost.

Vanquished Creatures
  2 hippogriffs (D:7)
  Menkaure (D:6)
  An orc warrior (D:6)
  A sky beast (D:7)
  A phantom (D:6)
  2 centaurs
  2 big kobolds (D:7)
  4 bullfrogs
  A scorpion (D:6)
  A vampire bat (D:4)
  A centaur zombie (D:7)
  A hound (D:7)
  Terence (D:3)
  A worker ant (D:6)
  6 adders
  A shadow imp (D:6)
  3 worms
  3 fire bats (D:4)
  2 leopard geckos
  An orc (D:7)
  2 spectral bats (D:4)
  3 bat skeletons (D:4)
  A bat zombie (D:4)
  2 giant cockroaches
  A hobgoblin (D:2)
  8 jackals
  18 kobolds
  A quokka (D:2)
  2 ball pythons (D:3)
  15 bats
  A bat simulacrum (D:4)
  3 frilled lizards
  5 goblins
  A leopard gecko skeleton (D:6)
  A quokka zombie (D:6)
  13 rats
113 creatures vanquished.

Notes
Turn   | Place    | Note
-------+----------+-------------------------------------------
     0 | D:1      | Jerry the Formicid Fighter began the quest for the Orb.
     0 | D:1      | Reached XP level 1. HP: 18/18 MP: 1/1
   183 | D:1      | Reached XP level 2. HP: 22/24 MP: 2/2
   850 | D:2      | Reached XP level 3. HP: 29/29 MP: 1/3
  1440 | D:2      | Reached skill level 4 in Armour
  1440 | D:2      | Reached XP level 4. HP: 35/35 MP: 1/4
  1553 | D:2      | Noticed a moth of wrath
  1610 | D:2      | Found a bloodstained altar of Trog.
  1997 | D:3      | Found an opulent altar of Gozag.
  2262 | D:3      | Reached XP level 5. HP: 38/41 MP: 1/5
  2269 | D:3      | Noticed Terence
  2291 | D:3      | Killed Terence
  2423 | D:4      | Reached skill level 5 in Armour
  2444 | D:4      | Reached XP level 6. HP: 46/47 MP: 2/6
  2561 | D:4      | You fall through a shaft for 3 floors!
  2565 | D:6      | Noticed Drunkenshrew's ghost (novice DrBe)
  2753 | D:7      | Reached skill level 6 in Armour
  2753 | D:7      | Reached XP level 7. HP: 45/52 MP: 2/7
  2772 | D:7      | Reached skill level 5 in Long Blades
  2798 | D:7      | Found a shimmering altar of Xom.
  2881 | D:7      | Found a radiant altar of Vehumet.
  3001 | D:6      | Noticed Grinder
  3050 | D:6      | Noticed Menkaure
  3220 | D:7      | Noticed a hippogriff
  3236 | D:7      | Killed a hippogriff
  3236 | D:7      | Reached skill level 7 in Armour
  3236 | D:7      | Reached XP level 8. HP: 22/58 MP: 2/8
  3307 | D:7      | Noticed a hippogriff
  3324 | D:7      | Killed a hippogriff
  3324 | D:7      | Reached skill level 8 in Armour
  3829 | D:6      | Found a white marble altar of Elyvilon.
  4388 | D:6      | Reached XP level 9. HP: 55/64 MP: 9/9
  4471 | D:6      | Killed Menkaure
  4471 | D:6      | Reached skill level 5 in Shields
  4500 | D:6      | Reached skill level 9 in Armour
  4726 | D:6      | HP: 3/64 [Drunkenshrew's ghost (17)]
  4727 | D:6      | Demolished by Drunkenshrew's ghost

Skill      XL: |  1  2  3  4  5  6  7  8  9 |
---------------+----------------------------+-----
Shields        | 4 5 |  5.4
Armour         | 4 5 6 7 8 9 |  9.0
Long Blades    | 3 4 6 7 |  7.7
Fighting       | |  3.2

Action                   |  1- 3 |  4- 6 |  7- 9 || total
-------------------------+-------+-------+-------++-------
Melee: Long sword        |    13 |       |       ||    13
       Short sword       |    69 |   178 |   180 ||   427
 Fire: Blowgun           |       |       |    13 ||    13
  Use: Potion            |       |     1 |     8 ||     9
       Scroll            |       |     2 |     1 ||     3
  Eat: Chunk             |     2 |     4 |     4 ||    10
       Beef jerky        |       |       |     1 ||     1
Armor: Scale mail        |    42 |   123 |    61 ||   226
       Skin              |       |       |    11 ||    11
Dodge: Dodged            |    48 |   127 |    72 ||   247
       Rpst.: Long sword |     2 |       |       ||     2
